 Dungeon Sprint DCSS version 0.14.2 (webtiles) character file.

14977 Theye the Blocker (level 12, -6/105 HPs)
             Began as a Formicid Fighter on Oct 7, 2016.
             Was the Champion of the Shining One.
             Mangled by a cyclops (10 damage)
             ... in the Dungeon (Sprint V: "Ziggurat Sprint").
             The game lasted 00:06:00 (1194 turns).

Theye the Blocker (Formicid Fighter)                Turns: 1194, Time: 00:06:00

HP  -6/105       AC 33     Str 32      XL: 12   Next: 51%
MP  19/27        EV 10     Int  9      God: the Shining One [******]
Gold 0           SH 78     Dex 19      Spells:  0 memorised, 11 levels left

rFire  . . .     SeeInvis +     J - +6 dark maul {crush}
rCold  . . .     Clarity  .     K - +15 Maxwell's patent armour {rCorr, Cons, -Cast -Tele MR+}
rNeg   + + +     Conserve +     L - +27 shield of the gong {rElec rN+ MR+ EV-5}
rPois  .         rCorr    +     (helmet unavailable)
rElec  +         rRot     .     M - +1 cloak
SustAb . .       Spirit   .     (no gloves)
rMut   .         Warding  .     (no boots)
Saprov . . .     Stasis   +     (no amulet)
MR     +++..     NoCast   +     T - +3,+4 ring of slaying
                                H - +6 ring of strength

@: mighty, agile, studying 2 skills, glowing, extremely resistant to hostile
enchantments, extremely unstealthy
A: permanent stasis, dig shafts and tunnels, four strong arms, antennae 3
a: Dig, Divine Shield, Cleansing Flame, Summon Divine Warrior, Renounce Religion


You were in the Dungeon.
You worshipped the Shining One.
The Shining One was exalted by your worship.
You were completely stuffed.

You visited 1 branch

Inventory:

Hand weapons
 a - a +0,+0 flail
 J - the +6,+6 dark maul (weapon) {crush}
   (You found it in the Dungeon)

   It inflicts extra damage upon your enemies.
Armour
 b - a +0 scale mail
 c - a +0 shield
 h - a +5 gold dragon armour
 j - a +3 large shield
 K - the cursed +15 Maxwell's patent armour (worn) {rCorr, Cons, -Cast -Tele MR+}
   (You found it in the Dungeon)

   It affects your resistance to hostile enchantments.
   It prevents spellcasting.
   It prevents most forms of teleportation.
   It has a curse placed upon it.
 L - the +27 shield of the gong (worn) {rElec rN+ MR+ EV-5}
   (You found it in the Dungeon)

   It affects your evasion (-5).
   It insulates you from electricity.
   It protects you from negative energy.
   It affects your resistance to hostile enchantments.
 M - a +1 cloak (worn)
Magical devices
 z - a wand of disintegration (7)
 A - a wand of fire (5)
 B - a wand of cold (5)
 C - a wand of draining (5)
Comestibles
 d - 5 bread rations
 k - 42 strawberries
 l - 3 meat rations
Scrolls
 q - a scroll of brand weapon
 s - 4 scrolls of amnesia
 t - 3 scrolls of recharging
 u - 7 scrolls of fog
 v - a scroll of holy word
 w - 5 scrolls of identify
 x - 5 scrolls of remove curse
 y - 2 scrolls of fear
Jewellery
 D - a +6 ring of dexterity
 E - a +6 ring of dexterity
 F - a +6 ring of intelligence
 G - a +6 ring of intelligence
 H - a +6 ring of strength (left hand)
 I - a +6 ring of strength
 P - the ring of Xom's Flight of Fancy {Ice Dex+3}
   (You found it in the Dungeon)

   [ring of ice]

   It affects your dexterity (+3).
 R - an uncursed ring of positive energy
 S - the ring "Coyzodiq" {rF+ Dex+1 Acc+2 Stlth++}
   (You found it in the Dungeon)

   [ring of dexterity]

   It affects your dexterity (+1).
   It affects your accuracy with ranged weapons and melee attacks (+2).
   It protects you from fire.
   It makes you much more stealthy.
 T - a +3,+4 ring of slaying (right hand)
 V - a +4,+4 ring of slaying
Potions
 e - 5 potions of might
 f - 9 potions of curing
 g - 2 potions of heal wounds
 i - 7 potions of magic
 m - 2 potions of brilliance
 n - 2 potions of invisibility
 o - 2 potions of restore abilities
 p - 4 potions of resistance
 r - 2 potions of agility
 O - a potion of porridge
Books
 N - a manual of Axes
 U - a manual of Long Blades
Miscellaneous
 Q - a plain deck of dungeons {drawn: 4}


   Skills:
 + Level 13.0 Fighting
 * Level 16.7 Maces & Flails
 + Level 12.5 Armour
 + Level 7.1 Dodging
 + Level 18.4 Shields
 * Level 9.3 Invocations


You had 11 spell levels left.
You didn't know any spells.

Dungeon Overview and Level Annotations

Branches:
Dungeon (1/1)

Altars:
Ashenzari
Cheibriados
Dithmenos
Elyvilon
Fedhas
Kikubaaqudgha
Makhleb
Nemelex Xobeh
Okawaru
Sif Muna
Trog
Vehumet
Xom
Yredelemnul
Zin
The Shining One
Beogh
Jiyva
Lugonu


Innate Abilities, Weirdness & Mutations

Your are under a permanent stasis effect.
You can dig through walls and to a lower floor.
Your four strong arms can wield two-handed weapons with a shield.
You have a pair of large antennae on your head (SInv).


Message History

You resist.
You block the merfolk javelineer's attack.
GONNNNG!
Your daeva blocks the merfolk javelineer's attack.
You block the merfolk's attack.
GONNNNG!
The sea snake bites your daeva! The griffon bites your daeva!
The griffon pecks your daeva. The griffon closely misses your daeva.
Your daeva blocks the merfolk impaler's attack.
Your daeva calls down the wrath of the Shining One upon the merfolk impaler.
The merfolk impaler is smitten.
The siren chants a haunting song.
You resist.
The snapping turtle bites you from afar!
* * * LOW HITPOINT WARNING * * *
You block the water nymph's attack.
GONNNNG!
The mermaid chants a haunting song.
You resist. The cyclops hits you!
You die... ...}||}=. {▓...8©8... ▓..≈..≈.≈.. ▓....[[}.. ▓≈≈≈...≈|..≈▓...[[|... ▓.≈≈.tcc≈...▓......... ▓C.≈HSmHm). ▓......... .:▓cmAmm▓

▓.....)... ▓ ▓H▓mtm▓+
▓...^^))..
▓..▓Cmm≈≈▓+.▓.▓.^^^.▓.
+.)m@mS....▓...^.....
▓▓▓▓▓▓▓▓▓▓▓▓▓▓▓▓▓▓▓▓▓▓
▓...8©8...▓...8©8...▓.
▓..):[)!:.▓..|)[.|..▓.
▓..?}.==..▓..)=[}:..▓.
▓.........▓.........▓.
▓.........▓.........▓.
▓.........▓.........▓.
▓...!)....▓.........▓.


You could see an alligator snapping turtle, a siren, 3 merfolk impalers, 2
merfolk javelineers, a griffon, a satyr, 2 sea snakes, a snapping turtle
(roused), 3 merfolk, a faun (roused), a water nymph (roused), a manticore
(roused), 2 cyclopes, a mermaid (roused), a hippogriff (roused), a centaur
(roused) and a friendly daeva.

Vanquished Creatures
  A stone giant (D)
  2 vampire knights (D)
  An ironheart preserver (D)
  A merfolk aquamancer (D)
  A centaur warrior (D)
  4 soul eaters (D)
  An orb spider (shapeshifter) (D)
  An orc knight (D)
  A necromancer (D)
  A griffon (D)
  5 draconians (D)
  7 merfolk (D)
  4 tarantellas (D)
  2 vampires (D)
  2 shadows (D)
  2 redbacks (D)
  4 hippogriffs (D)
  A necrophage (D)
  4 hell hounds (D)
  3 centaurs (D)
  2 hell hound zombies (D)
  5 jellies (D)
  An iron imp (D)
  A sheep (D)
  A shadow imp (D)
  3 giant mites (D)
  An adder zombie (D)
  An adder skeleton (D)
  A giant eyeball (D)
  A bat zombie (D)
  3 goblin skeletons (D)
  A goblin zombie (D)
  A hobgoblin skeleton (D)
  2 hobgoblin zombies (D)
  A jackal zombie (D)
  A kobold skeleton (D)
  A quokka skeleton (D)
  A rat skeleton (D)
  A spectral hobgoblin (D)
77 creatures vanquished.

Vanquished Creatures (others)
  A giant newt zombie (D)
1 creature vanquished.

Grand Total: 78 creatures vanquished

Notes
Turn   | Place    | Note
--------------------------------------------------------------
     0 | D        | Theye, the Formicid Fighter, began the quest for the Orb.
     0 | D        | Reached XP level 1. HP: 18/18 MP: 1/1
     0 | D        | Found an ancient bone altar of Kikubaaqudgha.
     2 | D        | Found a basalt altar of Yredelemnul.
     3 | D        | Found an iron altar of Okawaru.
     5 | D        | Found a radiant altar of Vehumet.
     5 | D        | Found a shimmering altar of Xom.
     8 | D        | Found a burning altar of Makhleb.
    10 | D        | Found a white marble altar of Elyvilon.
    10 | D        | Found a deep blue altar of Sif Muna.
    11 | D        | Found a sparkling altar of Nemelex Xobeh.
    13 | D        | Found a bloodstained altar of Trog.
    64 | D        | Reached skill level 4 in Fighting
    64 | D        | Reached skill level 5 in Shields
    64 | D        | Reached XP level 2. HP: 23/26 MP: 3/3
    75 | D        | Became a worshipper of the Shining One
    84 | D        | Entered arena 1.
    84 | D        | Noticed a jelly
    84 | D        | Noticed a jelly
    87 | D        | Killed a jelly
    87 | D        | Reached skill level 5 in Fighting
    87 | D        | Reached skill level 5 in Armour
    87 | D        | Reached XP level 3. HP: 29/33 MP: 4/4
    88 | D        | Killed a jelly
    88 | D        | Reached skill level 5 in Maces & Flails
    88 | D        | Reached skill level 6 in Shields
    88 | D        | Reached XP level 4. HP: 35/40 MP: 5/5
    92 | D        | Entered arena 2.
    92 | D        | Noticed a tarantella
    92 | D        | Acquired the Shining One's first power
    92 | D        | Noticed a tarantella
    95 | D        | Killed a tarantella
    95 | D        | Reached skill level 7 in Fighting
    95 | D        | Reached skill level 8 in Shields
    95 | D        | Reached XP level 5. HP: 40/48 MP: 7/7
    95 | D        | Reached XP level 6. HP: 45/55 MP: 8/8
    96 | D        | Killed a tarantella
    96 | D        | Reached skill level 9 in Shields
    96 | D        | Reached XP level 7. HP: 44/63 MP: 9/9
   132 | D        | Entered arena 3.
   134 | D        | Acquired the Shining One's second power
   142 | D        | Entered arena 4.
   142 | D        | Noticed a jelly
   142 | D        | Noticed a jelly
   142 | D        | Noticed a jelly
   144 | D        | Killed a jelly
   145 | D        | Killed a jelly
   147 | D        | Killed a jelly
   153 | D        | Entered arena 5.
   153 | D        | Noticed a draconian
   153 | D        | Noticed a draconian
   153 | D        | Noticed a draconian
   153 | D        | Noticed a draconian
   153 | D        | Noticed a draconian
   153 | D        | Acquired the Shining One's third power
   158 | D        | Killed a draconian
   158 | D        | Reached skill level 10 in Shields
   158 | D        | Reached XP level 8. HP: 57/72 MP: 11/11
   161 | D        | Killed a draconian
   161 | D        | Reached skill level 10 in Fighting
   161 | D        | Reached skill level 11 in Shields
   162 | D        | Killed a draconian
   162 | D        | Reached skill level 10 in Maces & Flails
   162 | D        | Reached skill level 12 in Shields
   162 | D        | Reached XP level 9. HP: 45/79 MP: 12/12
   165 | D        | Killed a draconian
   165 | D        | Reached skill level 10 in Armour
   169 | D        | Killed a draconian
   322 | D        | Entered arena 6.
   322 | D        | Noticed an orc knight
   322 | D        | Noticed a griffon
   322 | D        | Noticed a centaur warrior
   322 | D        | Noticed an ironheart preserver
   322 | D        | Noticed an orb spider
   322 | D        | Noticed a stone giant
   322 | D        | Acquired the Shining One's fourth power
   329 | D        | Killed an ironheart preserver
   329 | D        | Reached skill level 13 in Shields
   329 | D        | Reached XP level 10. HP: 44/88 MP: 13/13
   332 | D        | Killed a stone giant
   332 | D        | Reached skill level 14 in Shields
   334 | D        | Killed an orc knight
   338 | D        | Killed a centaur warrior
   338 | D        | Reached skill level 5 in Dodging
   340 | D        | Killed a griffon
   340 | D        | Reached skill level 15 in Shields
   346 | D        | Killed an orb spider
   346 | D        | Reached XP level 11. HP: 33/95 MP: 15/15
   590 | D        | Entered arena 7.
   590 | D        | Noticed a tarantella
   590 | D        | Noticed a tarantella
   590 | D        | Noticed a redback
   590 | D        | Noticed a redback
   592 | D        | Killed a redback
   593 | D        | Killed a tarantella
   593 | D        | Reached skill level 1 in Invocations
   595 | D        | Killed a redback
   598 | D        | Killed a tarantella
   608 | D        | Got the ring of Xom's Flight of Fancy {Ice Dex+3}
   610 | D        | Entered arena 8.
   610 | D        | Noticed a hippogriff
   610 | D        | Noticed a centaur
   610 | D        | Noticed a merfolk
   610 | D        | Noticed a merfolk
   610 | D        | Noticed a hippogriff
   610 | D        | Noticed a centaur
   610 | D        | Noticed a hippogriff
   613 | D        | Killed a hippogriff
   616 | D        | Killed a centaur
   617 | D        | Killed a hippogriff
   618 | D        | Killed a hippogriff
   619 | D        | Killed a centaur
   621 | D        | Killed a merfolk
   621 | D        | Reached skill level 16 in Shields
   623 | D        | Killed a merfolk
   839 | D        | Entered arena 9.
   839 | D        | Noticed a merfolk
   839 | D        | Noticed a merfolk
   839 | D        | Noticed a merfolk
   839 | D        | Noticed a centaur
   839 | D        | Noticed a hippogriff
   839 | D        | Noticed a merfolk
   839 | D        | Noticed a merfolk
   849 | D        | Killed a centaur
   850 | D        | Killed a hippogriff
   856 | D        | Killed a merfolk
   859 | D        | Killed a merfolk
   869 | D        | Killed a merfolk
   869 | D        | Reached skill level 5 in Invocations
   871 | D        | Killed a merfolk
   871 | D        | Reached skill level 15 in Maces & Flails
   874 | D        | Killed a merfolk
  1093 | D        | Got the ring "Coyzodiq" {rF+ Dex+1 Acc+2 Stlth++}
  1100 | D        | Entered arena 10.
  1100 | D        | Noticed a hell hound
  1100 | D        | Noticed a hell hound
  1100 | D        | Noticed an iron imp
  1100 | D        | Noticed a hell hound
  1100 | D        | Noticed a hell hound
  1102 | D        | Killed a hell hound
  1103 | D        | Killed a hell hound
  1104 | D        | Killed a hell hound
  1106 | D        | Killed a hell hound
  1116 | D        | Killed an iron imp
  1131 | D        | Entered arena 11.
  1131 | D        | Noticed a soul eater
  1131 | D        | Noticed a soul eater
  1131 | D        | Noticed a soul eater
  1132 | D        | Noticed a soul eater
  1135 | D        | Killed a soul eater
  1135 | D        | Reached skill level 17 in Shields
  1136 | D        | Killed a soul eater
  1141 | D        | Killed a soul eater
  1143 | D        | Killed a soul eater
  1143 | D        | Reached XP level 12. HP: 103/103 MP: 23/25
  1164 | D        | Entered arena 12.
  1164 | D        | Noticed a vampire knight
  1164 | D        | Noticed a necromancer
  1164 | D        | Noticed a vampire
  1164 | D        | Noticed a necrophage
  1164 | D        | Noticed a vampire
  1165 | D        | Noticed a shadow
  1165 | D        | Noticed a shadow
  1166 | D        | Noticed a vampire knight
  1168 | D        | Killed a vampire knight
  1169 | D        | Killed a vampire
  1171 | D        | Killed a vampire knight
  1171 | D        | Reached skill level 18 in Shields
  1172 | D        | Killed a shadow
  1173 | D        | Killed a necrophage
  1174 | D        | Killed a necromancer
  1175 | D        | Killed a vampire
  1176 | D        | Killed a shadow
  1187 | D        | Entered arena 13.
  1187 | D        | Noticed a manticore
  1187 | D        | Noticed a merfolk javelineer
  1187 | D        | Noticed a merfolk
  1187 | D        | Noticed a satyr
  1187 | D        | Noticed a manticore
  1187 | D        | Noticed a hippogriff
  1187 | D        | Noticed a griffon
  1187 | D        | Noticed a snapping turtle
  1187 | D        | Noticed a merfolk javelineer
  1187 | D        | Noticed a merfolk aquamancer
  1187 | D        | Noticed a water nymph
  1187 | D        | Noticed a cyclops
  1187 | D        | Noticed a mermaid
  1187 | D        | Noticed a merfolk
  1187 | D        | Noticed a siren
  1188 | D        | Noticed an alligator snapping turtle
  1188 | D        | Noticed a merfolk impaler
  1188 | D        | Noticed a sea snake
  1188 | D        | Noticed a sea snake
  1189 | D        | Noticed a merfolk impaler
  1189 | D        | Noticed a merfolk
  1189 | D        | Noticed a merfolk impaler
  1190 | D        | Noticed a cyclops
  1190 | D        | Noticed a centaur
  1191 | D        | Noticed a faun
  1193 | D        | Killed a merfolk aquamancer
  1194 | D        | HP: 4/105 [snapping turtle (11)]
  1194 | D        | Mangled by a cyclops

Action                   |  1- 3 |  4- 6 |  7- 9 | 10-12 || total
-------------------------+-------+-------+-------+-------++-------
Melee: Maul              |     3 |     3 |    27 |    87 ||   120
Invok: Divine Shield     |       |       |       |     2 ||     2
       Summon Divine War |       |       |       |     1 ||     1
Evoke: Deck              |       |       |       |     4 ||     4
  Use: Potion            |     2 |       |     3 |    10 ||    15
